 Dungeon Crawl Stone Soup version 0.19-a0-305-g4c536b9 (webtiles) character file.

88 Delvonshi the Ruffian (level 4, -1/48 HPs)
             Began as an Ogre Monk on May 27, 2016.
             Slain by a centaur (5 damage)
             ... on level 3 of the Dungeon.
             The game lasted 00:04:30 (2024 turns).

Delvonshi the Ruffian (Ogre Monk)                   Turns: 2024, Time: 00:04:31

Health: -1/48      AC:  3    Str: 17    XL:     4   Next: 54%
Magic:  4/4        EV: 16    Int:  9    God:
Gold:   89         SH:  0    Dex: 17    Spells: 0 memorised, 3 levels left

rFire  . . .     SeeInvis .       - Unarmed
rCold  . . .     Gourm    .     a - +0 robe
rNeg   . . .     Faith    .     (no shield)
rPois  .         Spirit   .     (helmet restricted)
rElec  .         Dismiss  .     (no cloak)
rCorr  .         Reflect  .     (gloves unavailable)
SustAt .         Harm     .     (boots unavailable)
MR     .....                    (no amulet)
Stlth  +++.......               (no ring)
                                (no ring)

@: agile, not resistant to hostile enchantments, fairly stealthy
A: unfitting armour, tough skin 1
a: no special abilities


You were on level 3 of the Dungeon.
You were not hungry.

You visited 1 branch of the dungeon, and saw 4 of its levels.

You collected 89 gold pieces.

Inventory:

Armour
 a - a +0 robe (worn)
Scrolls
 c - 2 scrolls of teleportation {unknown}
 d - 2 scrolls of fear {unknown}
 e - 3 scrolls of identify {unknown}
 g - a scroll of magic mapping {unknown}
 h - a scroll of fog {unknown}
Potions
 f - 2 potions of agility
 i - a potion of haste {unknown}
 k - a potion of might {unknown}
 l - a potion of lignification {unknown}
 n - a potion of berserk rage {unknown}
 o - a potion of flight {unknown}
Comestibles
 b - 2 bread rations
 j - 5 meat rations
 m - a slice of pizza


   Skills:
 - Level 4.0 Fighting
 - Level 2.6 Dodging
 - Level 1.5 Stealth
 * Level 5.3 Unarmed Combat


You had 3 spell levels left.
You didn't know any spells.

Dungeon Overview and Level Annotations

Branches:
Dungeon (4/15)
 Temple: D:4-7

Altars:


Innate Abilities, Weirdness & Mutations

You are too large for most types of armour.
You have tough skin. (AC +1)


Message History

You hit the centaur but do no damage.
The centaur is heavily wounded.
The centaur barely misses you.
You hit the centaur but do no damage.
The centaur is heavily wounded.
The centaur hits you!
* * * LOW HITPOINT WARNING * * *
The centaur hits you!
* * * LOW HITPOINT WARNING * * *
You hit the centaur.
The centaur is severely wounded.
The centaur closely misses you.
Drink which item? (? for menu, Esc to quit)
It was a potion of agility.
You feel agile all of a sudden. The centaur closely misses you. x2
You hit the centaur but do no damage.
The centaur is severely wounded.
The centaur hits you.
You die...

##.##..#....## ..
....#..h..#.......# #.#
..#....#....$.>.... #### ..#
......##c.........# ..##.#
.#...h(...........# #....#
.##...<.#.........# #....#
..................# ##.<..#
............$.....####.....#
...............c@(.(.(.....#
###.....#..........####...##
#................# #...#
.....#..###...[.... ###.#
#.#...#.. ...#######. ..#
###. # ..# # ..#


You could see a centaur.

Vanquished Creatures
  An adder (D:2)
  3 oozes
  A worm (D:3)
  3 dart slugs
  3 giant cockroaches
  7 goblins
  3 hobgoblins
  6 jackals
  9 kobolds
  A quokka (D:2)
  8 bats
  2 giant newts (D:1)
  7 rats
54 creatures vanquished.

Notes
Turn   | Place    | Note
--------------------------------------------------------------
     0 | D:1      | Delvonshi the Ogre Monk began the quest for the Orb.
     0 | D:1      | Reached XP level 1. HP: 24/24 MP: 1/1
   169 | D:1      | Reached skill level 4 in Unarmed Combat
   169 | D:1      | Reached XP level 2. HP: 32/32 MP: 2/2
   217 | D:1      | Reached XP level 3. HP: 24/39 MP: 3/3
   910 | D:2      | Reached skill level 5 in Unarmed Combat
   910 | D:2      | Reached XP level 4. HP: 43/48 MP: 4/4
  1149 | D:2      | You fall through a shaft for 2 floors!
  1300 | D:3      | Noticed a centaur
  2024 | D:3      | Slain by a centaur

Vault maps used:
D:1:      dpeg_arrival_radiant, minivault_11, kennysheep_decorative_pillar
D:2:      first_bread
D:3:      grunt_temple_overflow_lords_of_destruction,
          minmay_misc_feat_more_columns, led_sif_pool, uniq_jessica, uniq_iyjb
D:4:      kennysheep_windowed_goal

Skill      XL: |  1  2  3 |
---------------+----------+-----
Unarmed Combat | 4 5 |  5.3
Fighting       | |  4.0
Dodging        | |  2.6
Stealth        | |  1.5

Action                   |  1- 3 |  4- 6 || total
-------------------------+-------+-------++-------
Melee: Unarmed           |    97 |    78 ||   175
       Punch             |     2 |     2 ||     4
  Use: Potion            |       |     1 ||     1
 Stab: Sleeping          |     4 |     1 ||     5
  Eat: Bread ration      |       |     1 ||     1
       Chunk             |       |     1 ||     1
Armor: Robe              |    39 |    22 ||    61
Dodge: Dodged            |    66 |    52 ||   118
